 Dungeon Crawl Stone Soup version 0.29.1-15-g9cfb28693d (webtiles) character file.

Game seed: 9460367387139830506

113 SomaWolf the Conjurer (level 5, -4/28 HPs)
             Began as a Kobold Conjurer on Apr 11, 2023.
             Was a Believer of Vehumet.
             Killed from afar by a steam dragon (15 damage)
             ... with a ball of steam
             ... on level 4 of the Dungeon.
             The game lasted 00:29:27 (2912 turns).

SomaWolf the Conjurer (Kobold Conjurer)             Turns: 2912, Time: 00:29:28

Health: -4/28      AC:  3    Str:  5    XL:     5   Next: 17%
Magic:  6/10       EV: 14    Int: 21    God:    Vehumet [**....]
Gold:   107        SH:  0    Dex: 13    Spells: 5/10 levels left

rFire   . . .      SeeInvis .   e - +3 dagger (elec)
rCold   . . .      Faith    .   (no shield)
rNeg    . . .      Spirit   .   k - +0 robe
rPois   .          Reflect  .   (no helmet)
rElec   .          Harm     .   (no cloak)
rCorr   .          Rampage  .   (no gloves)
Will    .....                   f - +0 pair of boots
Stlth   +++.......              (no amulet)
HPRegen 0.09/turn               (no ring)
MPRegen 0.12/turn               (no ring)

@: very slightly contaminated
A: small, no large weapons, nightstalker 3
a: Renounce Religion


You were on level 4 of the Dungeon.
You worshipped Vehumet.
Vehumet was pleased with you.
You visited 1 branch of the dungeon, and saw 4 of its levels.

You collected 107 gold pieces.

Inventory:

Hand Weapons
 e - a +3 dagger of electrocution (weapon)
 l - a +5 whip
Missiles
 d - 73 stones
 i - 6 poisoned darts
 s - 2 boomerangs
Armour
 f - a +0 pair of boots (worn)
 h - a +0 ring mail
 k - a +0 robe (worn)
 q - a +2 hat
Scrolls
 c - a scroll of poison
 j - a scroll of fog {unknown}
 m - a scroll of teleportation
 n - a scroll of identify
 o - a scroll of vulnerability
 p - a scroll of magic mapping {unknown}
Potions
 a - a potion of lignification


   Skills:
 + Level 0.4 Long Blades
 + Level 2.5 Dodging
 + Level 3.1 Stealth
 + Level 3.4 Spellcasting
 + Level 5.1 Conjurations
 + Level 0.1 Air Magic


You had 5 spell levels left.
You knew the following spells:

 Your Spells              Type           Power      Damage    Failure   Level
a - Magic Dart            Conj           100%       1d8       1%          1
b - Foxfire               Conj/Fire      56%        2x1d6     4%          1
c - Searing Ray           Conj           50%        2d6       2%          2
d - Shock                 Conj/Air       56%        1d6       4%          1

Your spell library contained the following spells:

 Spells                   Type           Power      Damage    Failure   Level
 Sting                    Tmut/Pois      12%        1d3       13%         1
 Dazzling Flash           Conj/Hex       28%        N/A       13%         3
 Blink                    Tloc           6%         N/A       19%         2
 Poisonous Vapours        Pois/Air       6%         N/A       19%         2
 Inner Flame              Hex/Fire       3%         N/A       36%         3
 Fulminant Prism          Conj/Hex       7%         3d7       41%         4
 Iskenderun's Mystic Bla  Conj/Tloc      14%        2d5       41%         4
 Cause Fear               Hex            1%         N/A       77%         4
 Olgreb's Toxic Radiance  Pois           3%         N/A       77%         4
 Manifold Assault         Tloc           3%         N/A       98%         5
 Storm Form               Tmut/Air       1%         N/A       100%        7
 Discord                  Hex            1%         N/A       100%        8


Dungeon Overview and Level Annotations

Branches:
Dungeon (4/15)
 Temple: D:4-7

Altars:
Okawaru
Vehumet


Innate Abilities, Weirdness & Mutations

You are small and have problems with some larger weapons.
You are completely attuned to the shadows.


Message History

Aim: a steam dragon (lightly wounded, 71% to hit)
You miscast Shock.
You are very lightly contaminated with residual magic.
Nothing appears to happen.
The steam dragon barely misses you.
The steam dragon claws you but does no damage.
Casting: Shock (safe; 4% risk of failure)
Confirm with . or Enter, or press ? or * to list all spells.
Aiming: Searing Ray (safe; 2% risk of failure)
Press: ? - help, Shift-Dir - straight line, f/p - steam dragon
Aim: a steam dragon (lightly wounded, 79% to hit)
The searing ray misses the steam dragon. (Press . to maintain the ray.)
The steam dragon bites you! The steam dragon claws you.
Casting: Searing Ray (safe; 2% risk of failure)
Confirm with . or Enter, or press ? or * to list all spells.
You don't have enough magic to cast this spell.
Magic courses through your body. The steam dragon completely misses you.
The steam dragon closely misses you.
Casting: Searing Ray (safe; 2% risk of failure)
Confirm with . or Enter, or press ? or * to list all spells.
Aiming: Searing Ray (safe; 2% risk of failure)
Press: ? - help, Shift-Dir - straight line, f/p - steam dragon
Aim: a steam dragon (lightly wounded, 79% to hit)
The searing ray hits the steam dragon.
The steam dragon is moderately wounded. (Press . to maintain the ray.)
The steam dragon closely misses you. The steam dragon barely misses you.
Unknown command.
Casting: Searing Ray (safe; 2% risk of failure)
Confirm with . or Enter, or press ? or * to list all spells.
Restarting spell: Searing Ray (safe; 2% risk of failure)
Press: ? - help, Shift-Dir - straight line, f/p - steam dragon
Aim: a steam dragon (moderately wounded, 79% to hit)
The searing ray hits the steam dragon!
The steam dragon is heavily wounded. (Press . to maintain the ray.)
The steam dragon breathes steam at you. The ball of steam hits you!
Ouch! That really hurt!
You die...

#.........#
#........<#
##....>).<.#
######...##.#####
..........#.##
......###....#
##..........
##..######.##
#@.## .# #D## #
.....# ......
....... ###.....


You could see a steam dragon (catching breath).

Vanquished Creatures
  5 adders
  2 dart slugs (D:2)
  4 orcs (D:2)
  4 endoplasms
  A giant cockroach (D:2)
  8 goblins
  6 hobgoblins
  2 jackals (D:3)
  3 quokkas
  2 ball pythons
  6 bats
  2 frilled lizards
  10 kobolds
  5 rats
60 creatures vanquished.

Vanquished Creatures (others)
  3 foxfires (D:2)
3 creatures vanquished.

Grand Total: 63 creatures vanquished

Notes
Turn   | Place    | Note
-------+----------+-------------------------------------------
     0 | D:1      | SomaWolf the Kobold Conjurer began the quest for the Orb.
     0 | D:1      | Reached XP level 1. HP: 10/10 MP: 3/3
   354 | D:1      | Reached XP level 2. HP: 15/15 MP: 1/5
   571 | D:1      | Found a faded altar of an unknown god.
   581 | D:1      | Prayed at the altar of an unknown god.
   581 | D:1      | Became a worshipper of Vehumet
   581 | D:1      | Reached * piety under Vehumet
   581 | D:1      | Offered knowledge of Foxfire by Vehumet.
   872 | D:2      | Reached XP level 3. HP: 19/19 MP: 0/6
   933 | D:2      | Learned a level 1 spell: Foxfire
   940 | D:2      | Learned a level 2 spell: Searing Ray
  1108 | D:2      | Offered knowledge of Shock by Vehumet.
  1111 | D:2      | Learned a level 1 spell: Shock
  1196 | D:2      | Reached XP level 4. HP: 24/24 MP: 6/8
  1215 | D:2      | Reached ** piety under Vehumet
  2070 | D:3      | Reached skill level 5 in Conjurations
  2151 | D:3      | Found an iron altar of Okawaru.
  2571 | D:3      | Reached XP level 5. HP: 28/28 MP: 7/9
  2895 | D:4      | Noticed an ogre
  2902 | D:4      | Noticed a steam dragon
  2912 | D:4      | Killed from afar by a steam dragon

Illustrated notes

Levels and vault maps discovered:
D:1:      minmay_arrival_radiant_lines, layout_basic,
          hellmonk_ecumenical_altar_heavens_door, minivault_25
D:2:      layout_rooms
D:3:      layout_loops_ring, okawaru_metal_pillars_1_2,
          amcnicky_mini_rare_corridor_liquid
D:4:      layout_rooms, tso_altar, serial_shops, nicolae_take_the_stairs,
          minmay_manual_mares

Skill      XL: |  1  2  3  4 |
---------------+-------------+-----
Stealth        | 3 |  3.1
Spellcasting   | 3 |  3.4
Conjurations   | 5 |  5.1
Long Blades    | |  0.4
Dodging        | |  2.5
Air Magic      | |  0.1

Action                   |  1- 3 |  4- 6 || total
-------------------------+-------+-------++-------
Melee: Unarmed           |     2 |       ||     2
       Short sword       |     3 |       ||     3
       Long sword        |    12 |       ||    12
       Dagger            |       |    26 ||    26
       Whip              |       |     2 ||     2
 Cast: Magic Dart        |    50 |     6 ||    56
       Foxfire           |     3 |       ||     3
       Shock             |       |    41 ||    41
       Searing Ray       |       |     3 ||     3
  Use: Scroll            |     6 |     3 ||     9
       Potion            |     1 |     2 ||     3
 Stab: Sleeping          |     1 |       ||     1
       Distracted        |       |     1 ||     1
Armor: Robe              |     5 |     6 ||    11
Dodge: Dodged            |    25 |    51 ||    76
